 Dungeon Crawl Stone Soup version 0.29-a0-973-gac7da5f7f0 (webtiles) character file.

Game seed: 4406615008816677674

25 Sabo the Digger (level 2, 0/20 HPs)
             Began as a Demigod Earth Elementalist on July 31, 2022.
             Slain by Terence
             ... wielding a +0 short sword
              (2 damage)
             ... on level 2 of the Dungeon.
             The game lasted 00:07:33 (1571 turns).

Sabo the Digger (Demigod Earth Elementalist)        Turns: 1571, Time: 00:07:34

Health: 0/20       AC:  2    Str:  9    XL:     2   Next: 63%
Magic:  0/7        EV: 12    Int: 17    God:
Gold:   43         SH:  0    Dex: 20    Spells: 4/5 levels left

rFire   + . .      SeeInvis .   d - staff of fire
rCold   . . .      Faith    .   (no shield)
rNeg    . . .      Spirit   .   a - +0 robe
rPois   .          Reflect  .   (no helmet)
rElec   .          Harm     .   (no cloak)
rCorr   .          Rampage  .   (no gloves)
Will    .....                   (no boots)
Stlth   ++........              (no amulet)
HPRegen 0.06/turn               i - +6 ring of dexterity
MPRegen 0.10/turn               (no ring)

@: no status effects
A: high MP 1, forlorn, divine attributes
a: no special abilities


You were on level 2 of the Dungeon.
You visited 1 branch of the dungeon, and saw 2 of its levels.

You collected 43 gold pieces.

Inventory:

Hand Weapons
 g - a +0 sling
Armour
 a - a +0 robe (worn)
Magical Staves
 d - a staff of fire (weapon)
Jewellery
 i - a +6 ring of dexterity (left hand)
Scrolls
 h - a scroll of fear {unknown}
 l - a scroll of amnesia {unknown}
Potions
 b - a potion of magic
 c - a potion of might {unknown}
 e - a potion of brilliance {unknown}
 f - 2 potions of curing {unknown}
 j - a potion of degeneration {unknown}
 k - a potion of heal wounds {unknown}


   Skills:
 + Level 1.9 Dodging
 + Level 2.0 Stealth
 + Level 2.2 Spellcasting
 + Level 0.8 Transmutations
 + Level 3.2 Earth Magic


You had 4 spell levels left.
You knew the following spells:

 Your Spells              Type           Power      Damage    Failure   Level
a - Sandblast             Erth           24%        2d8       4%          1

Your spell library contained the following spells:

 Spells                   Type           Power      Damage    Failure   Level
 Passwall                 Tmut/Erth      6%         N/A       12%         2
 Scorch                   Fire           4%         2d5       28%         2
 Stone Arrow              Conj/Erth      14%        3d7       30%         3
 Petrify                  Tmut/Erth      8%         N/A       63%         4
 Flame Wave               Conj/Fire      2%         2d4       88%         4
 Summon Cactus Giant      Summ           0%         N/A       100%        6


Dungeon Overview and Level Annotations

Branches:
Dungeon (2/15)

Annotations:
D:2 Terence


Innate Abilities, Weirdness & Mutations

You have an increased reservoir of magic. (+10% MP)
You shall have no god before yourself.
Your divine heritage dramatically boosts your attributes as you level up.


Message History

The worm bites you. The worm closely misses you.
Casting: Sandblast (safe; 5% risk of failure)
Confirm with . or Enter, or press ? or * to list all spells.
Aiming: Sandblast (safe; 5% risk of failure)
Press: ? - help, Shift-Dir - straight line, f/p - worm
Aim: a worm (almost dead, 94% to hit)
The blast of sand hits the worm.
The worm is almost dead.
The worm bites you!
Casting: Sandblast (safe; 5% risk of failure)
Confirm with . or Enter, or press ? or * to list all spells.
Aiming: Sandblast (safe; 5% risk of failure)
Press: ? - help, Shift-Dir - straight line, f/p - worm
Aim: a worm (almost dead, 94% to hit)
The blast of sand hits the worm.
You kill the worm!
Terence hits you but does no damage.
Casting: Sandblast (safe; 4% risk of failure)
Confirm with . or Enter, or press ? or * to list all spells.
Aiming: Sandblast (safe; 4% risk of failure)
Press: ? - help, Shift-Dir - straight line, f - Terence
Aim: Terence, wielding a +0 short sword and wearing a +3 ring mail of fire resistance (84% to hit)
The blast of sand hits Terence but does no damage.
Terence misses you. Terence hits you with a +0 short sword.
Casting: Sandblast (safe; 4% risk of failure)
Confirm with . or Enter, or press ? or * to list all spells.
Aiming: Sandblast (safe; 4% risk of failure)
Press: ? - help, Shift-Dir - straight line, f/p - Terence
Aim: Terence, wielding a +0 short sword and wearing a +3 ring mail of fire resistance (84% to hit)
The blast of sand hits Terence but does no damage.
Terence closely misses you. Terence hits you with a +0 short sword!
* * * LOW HITPOINT WARNING * * *
Casting: Sandblast (safe; 4% risk of failure)
Confirm with . or Enter, or press ? or * to list all spells.
Aiming: Sandblast (safe; 4% risk of failure)
Press: ? - help, Shift-Dir - straight line, f/p - Terence
Aim: Terence, wielding a +0 short sword and wearing a +3 ring mail of fire resistance (84% to hit)
The blast of sand hits Terence but does no damage.
Terence hits you with a +0 short sword.
You die...

#..####.###.#
#.......# #.#
######.####'####
#.#≈≈≈.≈≈≈#
#.#≈##.##≈#
#.#≈#.#[#≈#
#.#≈.###.≈#
#.#≈#.#.#≈#
#>#≈##@##≈#
#.#≈≈≈@≈≈≈#
####.####'####
#....#. ... .###
#.####(##......# #.#
#. ####.#.### #.#
#.###.......# #.#
#.......#.#.# #
#.#####.........<..#


You could see Terence.

Vanquished Creatures
  A worm (D:2)
  2 ball pythons (D:1)
  2 endoplasms
  7 goblins
  2 hobgoblins
  A quokka (D:1)
  2 bats (D:1)
  A kobold (D:1)
18 creatures vanquished.

Notes
Turn   | Place    | Note
-------+----------+-------------------------------------------
     0 | D:1      | Sabo the Demigod Earth Elementalist began the quest for the
                  | Orb.
     0 | D:1      | Reached XP level 1. HP: 14/14 MP: 5/5
   394 | D:1      | Reached skill level 3 in Earth Magic
   559 | D:1      | Reached XP level 2. HP: 20/20 MP: 4/7
  1561 | D:2      | Noticed Terence
  1571 | D:2      | Slain by Terence

Illustrated notes

Levels and vault maps discovered:
D:1:      dpeg_arrival_ternary, layout_basic,
          shapermc_ecumenical_altar_mp_urbaneastern, minmay_misc_feat_enclosed
D:2:      layout_loops_cross, kennysheep_generic_room_9, uniq_terence

Skill      XL: |  1  2 |
---------------+-------+-----
Stealth        | 2 |  2.0
Earth Magic    | 3 |  3.2
Spellcasting   | 2 |  2.2
Dodging        | |  1.9
Transmutations | |  0.8

Action                   || total
-------------------------++-------
Melee: Staff             ||     3
 Cast: Sandblast         ||    31
Armor: Robe              ||     5
Dodge: Dodged            ||    16

Table legend: (Time is in decaauts)
 A = Elapsed time spent in this place.
 B = Non-inter-level travel time spent in this place.
 C = Inter-level travel time spent in this place.
 D = Time resting spent in this place.
 E = Time spent auto-exploring this place.
 F = Levels seen in this place.
 G = Mean time per level.
                   A        B        C        D        E       F      G
               +--------+--------+--------+--------+--------+-----+--------+
         Total |   1603 |   1603 |      0 |    579 |      0 |   2 |  801.5 |
       Dungeon |   1603 |   1603 |      0 |    579 |      0 |   2 |  801.5 |
               +--------+--------+--------+--------+--------+-----+--------+

Top non-repeatable levels by time:
     D:1: 1415 daAuts
     D:2: 187 daAuts
